AoeStats
← DS_Kvothe

Arabia

507631544Analyzed
2v2 RM · 13d ago on Sep 19, 2026· 24m 41s· 4 players
Game mode
Random Map
Map size
Medium (4 player)
Population
200
Speed
Normal
Resources
Standard
Victory
Conquest
Starting age
Dark Age
Ending age
Imperial Age
RankedLock teamsTeams togetherTeam positionsShared explorationLock speedFull tech treeHidden civsTurbo modeCheats
Victory
Defeat
🇦🇷 Georgians · Argentina
1629
+18
🇦🇷 Huns · Argentina
1569
+20
🇺🇸 Teutons · United States
1708
-20
🇺🇸 Slavs · United States
1634
-18
DS_Kvothe
7:10 Loom
9:02 Feudal Age
9:56 Double-Bit Axe
10:09 Horse Collar
17:52 Scale Barding Armor
22:15 Castle Age
21:11 Bloodlines
22:12 Forging
23:17 Chain Barding Armor
22:20 Light Cavalry
MicroDA
6:09 Loom
8:39 Feudal Age
13:07 Fletching
21:55 Castle Age
20:46 Double-Bit Axe
22:32 Bodkin Arrow
21:58 Crossbowman
23:44 Ballistics
24:23 Bow Saw
23:56 Horse Collar
Zeroreasonz
6:23 Loom
8:57 Feudal Age
9:26 Double-Bit Axe
14:51 Scale Barding Armor
17:33 Horse Collar
18:50 Bloodlines
19:09 Forging
18:47 Town Watch
19:38 Wheelbarrow
25:16 Castle Age
Leo
5:49 Loom
5:52 Loom
8:54 Feudal Age
11:54 Fletching
20:03 Wheelbarrow
22:55 Castle Age
21:38 Padded Archer Armor
22:58 Crossbowman
23:24 Double-Bit Axe
23:44 Bodkin Arrow
24:18 Bow Saw
Connection lost

Rejoining the realm…

Still unreachable

The connection could not be restored.

Session expired

The server has moved on; the page needs a fresh start.